 Dungeon Crawl Stone Soup version 0.17-a0-1403-g9df874c (webtiles) character file.

7068 miau the Thaumaturge (level 10, -1/51 HPs)
             Began as a Felid Conjurer on June 1, 2015.
             Was a High Priest of Vehumet.
             Slain by an orc
             ... wielding a +0 dagger
             ... led by an orc warlord
              (7 damage)
             ... on level 2 of the Orcish Mines on June 20, 2015.
             The game lasted 03:30:40 (28717 turns).

miau the Thaumaturge (Felid Conjurer)              Turns: 28717, Time: 03:30:41

Health: -1/51      AC:  2    Str:  9    XL:     10   Next: 83%
Magic:  23/23      EV: 21    Int: 18    God:    Vehumet [*****.]
Gold:   1530       SH:  0    Dex: 21    Spells: 7 memorised, 9 levels left
                                        Lives:  0   Deaths: 2

rFire  + . .     SeeInvis +     (weapon unavailable)
rCold  . . .     Clarity  .     (armour unavailable)
rNeg   . . .     SustAt   .     (shield unavailable)
rPois  .         Gourm    .     (helmet unavailable)
rElec  .         Spirit   .     (cloak unavailable)
rCorr  .         Warding  .     (gloves unavailable)
rMut   .         Stasis   +     (boots unavailable)
MR     +....                    g - amulet of stasis
Stlth  +++++.....               I - +2 ring of strength
                                u - ring "Vagetyr" {-Tele rF+ Dex+7 Stlth+}

@: drained, quick, somewhat resistant to hostile enchantments, quite stealthy
A: no armour, no weapons or thrown items, claws 1, fangs 3, see invisible,
breathe flames 1, carnivore 3, clumsy 1, speed 1, low mp 1, shaggy fur 2, slow
metabolism 1, sharp paws
a: Renounce Religion, Breathe Fire


You were on level 2 of the Orcish Mines.
You worshipped Vehumet.
Vehumet was extremely pleased with you.
You were not hungry.

You visited 4 branches of the dungeon, and saw 17 of its levels.
You also visited: Volcano.

You collected 1530 gold pieces.

Inventory:

Jewellery
 f - an uncursed ring of positive energy
 g - an amulet of stasis (around neck)
 h - an uncursed ring of ice
 u - the ring "Vagetyr" (left paw) {-Tele rF+ Dex+7 Stlth+}
   (You found it on level 7 of the Dungeon)

   [ring of protection from fire]

   It affects your dexterity (+7).
   It protects you from fire.
   It prevents most forms of teleportation.
   It makes you more stealthy.
 E - a +1 ring of protection
 H - an uncursed ring of protection from magic
 I - a +2 ring of strength (right paw)
Magical devices
 j - a wand of digging (16)
 o - a wand of frost (18)
 q - a wand of fireball (8)
 s - a wand of confusion (0)
 v - a wand of confusion (18)
 w - a wand of frost (48)
 B - a wand of lightning (0)
 C - a wand of magic darts (25)
 D - a wand of paralysis (15)
 J - a wand of disintegration (4)
 L - a wand of confusion (11)
Scrolls
 c - 3 scrolls of noise
 d - 15 scrolls of identify
 e - 7 scrolls of remove curse
 l - 4 scrolls of teleportation
 m - 3 scrolls of magic mapping
 z - 2 scrolls of fog
 G - a scroll of recharging
 K - a scroll of fear {unknown}
Potions
 i - a potion of heal wounds
 k - 2 potions of agility
 r - 2 potions of brilliance
 x - 7 potions of berserk rage
Books
 a - a book of Conjurations

   Spells                             Type                      Level
   a - Magic Dart                     Conjuration                  1
   b - Searing Ray                    Conjuration                  2
   c - Dazzling Spray                 Conjuration/Hexes            3
   d - Fulminant Prism                Conjuration/Hexes            4
   e - Iskenderun's Mystic Blast      Conjuration                  4
   f - Iskenderun's Battlesphere      Conjuration/Charms           5
 n - a book of Battle

   Spells                             Type                      Level
   a - Infusion                       Charms                       1
   b - Shroud of Golubria             Charms/Translocation         2
   c - Song of Slaying                Charms                       2
   d - Spectral Weapon                Hexes/Charms                 3
   e - Regeneration                   Charms/Necromancy            3
 p - a book of Beasts

   Spells                             Type                      Level
   a - Summon Butterflies             Summoning                    1
   b - Call Canine Familiar           Summoning                    3
   c - Summon Ice Beast               Ice/Summoning                4
   d - Summon Mana Viper              Hexes/Summoning              5
   e - Summon Hydra                   Summoning                    7
 y - a book of Power

   Spells                             Type                      Level
   a - Fulminant Prism                Conjuration/Hexes            4
   b - Iskenderun's Mystic Blast      Conjuration                  4
   c - Venom Bolt                     Conjuration/Poison           5
   d - Bolt of Magma                  Conjuration/Fire/Earth       5
   e - Iron Shot                      Conjuration/Earth            6
   f - Orb of Destruction             Conjuration                  7
   g - Spellforged Servitor           Conjuration/Summoning        7
 F - Lehudib's Volume of Confrontation
   (You found it on level 12 of the Dungeon)

   Spells                             Type                      Level
   a - Searing Ray                    Conjuration                  2
   b - Conjure Flame                  Conjuration/Fire             3
   c - Sticky Flame                   Conjuration/Fire             4
   d - Force Lance                    Conjuration/Translocation    4
Comestibles
 b - 5 meat rations
 t - 5 beef jerkies
 A - 7 slices of pizza
 M - a royal jelly


   Skills:
 - Level 10.0(9.7) Fighting
 - Level 5.3(5.0) Dodging
 - Level 5.0(4.7) Stealth
 - Level 11.0(10.6) Spellcasting
 - Level 10.0(9.7) Conjurations
 + Level 4.2(3.9) Ice Magic
 - Level 6.0(5.7) Air Magic
 + Level 1.7(1.5) Poison Magic
 - Level 1.0(0.8) Evocations


You had 9 spell levels left.
You knew the following spells:

 Your Spells              Type           Power        Failure   Level  Hunger
a - Searing Ray           Conj           #####.       1%          2    None
d - Static Discharge      Conj/Air       #####...     1%          3    None
f - Freezing Cloud        Conj/Ice/Air   ####......   34%         6    ######.
m - Mephitic Cloud        Conj/Pois/Air  ####....     1%          3    None
p - Poisonous Cloud       Conj/Pois/Air  ####......   52%         6    ######.
r - Freeze                Ice            ###.         1%          1    None
z - Magic Dart            Conj           ####         1%          1    None


Dungeon Overview and Level Annotations

Branches:
Dungeon (12/15)            Temple (1/1) D:5            Lair (2/8) D:10
    Orc (2/4) D:11

Altars:
Ashenzari
Cheibriados
Dithmenos
Elyvilon
Fedhas
Gozag
Kikubaaqudgha
Makhleb
Nemelex Xobeh
Okawaru
Qazlal
Ru
Sif Muna
Trog
Vehumet
Xom
Yredelemnul
Zin
The Shining One
Beogh

Annotations:
D:3 exclusion: 2 doors
D:9 come at level 12-13, exclusion: 4 doors, Zwobot's ghost, experienced CeAM
D:10 exclusion: obsidian statue
Orc:2 Maud!, exclusion: upstairs, Gastronok; Maud


Innate Abilities, Weirdness & Mutations

You cannot wear armour.
You are incapable of wielding weapons or throwing items.
You have sharp claws.
You have razor-sharp teeth.
You have supernaturally acute eyesight.
You are carnivorous and can eat meat at any time.
You cover ground quickly.
You are covered in thick fur (AC +2).
You have a slow metabolism.
Your sharp claws are effective at attacking unaware monsters.
You can breathe flames.
You are clumsy. (Dex -2)
Your magical capacity is low (-10% MP).


Message History

The orc wizard mumbles some strange words.
The orc wizard blinks!
The orc completely misses you. The orc closely misses you.
Gastronok barely misses you.
The orc wizard hits you with a dagger of draining.
* * * LOW HITPOINT WARNING * * *
You feel drained. Gastronok misses you.
The orc warlord shouts!
You hear a bark!
You hear a shout!
You hear a shout!
You hear a shout! x4
The orc warlord roars a battlecry!
The orcs go into a battle-frenzy!
The orc wizard mumbles some strange words.
The orc wizard seems to speed up.
The orc warlord completely misses you. The orc completely misses you.
An orc comes into view. It is wielding a club.
An orc comes into view. It is wielding a flail.
Maud screams, "If you give me 'Entarex', I'll let you live!"
Maud completely misses you.
An orc comes into view. It is wielding a hand axe.
The orc hits you with a dagger!
You die...

##.###...o.#...#...##...##
####...o...o.......##.##.
##.##...o.<[......##.....
#...###.....#.#....#..##.
#...###.h............###
#............#....#.###.
##..o.o.o.........#.## ##
#..w.oo........)..[..###. ##
##...ooo@.<....)..#.##..[
##.##...o@...................
#...##..................#...[
#....<..........>.....#.#.[.
##.#..###....>..............
#.....###..................#
#.....##................##...
##.#.##....#...........####.#
#####.#.......o.....### .##


You could see Gastronok, Maud, an orc warlord, a warg (wandering), an orc wizard
(frenzied) and 10 orcs.

Vanquished Creatures
  Erolcha (D:10)
  A centaur warrior (Volcano)
  3 hill giants
  2 manticores (D:11)
  The ghost of 4thArraOfDagon the Firebug, an experienced HEFE of Vehumet (D:10)
  4 spiny frogs
  2 centaur zombies
  A komodo dragon (Lair:2)
  2 yaktaurs (Volcano)
  A fire drake (D:10)
  The ghost of 4thArraOfDagon the Chopper, an average DrBe of Trog (D:8)
  2 wraiths
  A shadow (D:10)
  13 yaks
  A human (D:8)
  2 deep elf magi (D:10)
  4 hippogriffs
  A basilisk (Lair:2)
  Grum (D:9)
  3 wolves (D:9)
  2 hungry ghosts
  2 wargs (Orc:1)
  3 water moccasins
  2 porcupines
  A black bear (D:9)
  6 orc warriors
  3 ice beasts
  13 ogres
  A phantom (D:12)
  4 centaurs
  A necrophage (D:7)
  4 sky beasts
  4 crocodiles
  10 big kobolds
  2 gnoll sergeants
  10 giant frogs
  A wyvern zombie (D:9)
  9 killer bees
  A water moccasin skeleton (D:7)
  9 scorpions
  7 wights
  A quasit (D:10)
  2 wasp zombies (D:8)
  7 crimson imps
  7 orc priests
  4 jellies
  A giant frog zombie (D:7)
  5 hounds
  3 iguanas
  20 orc wizards
  8 worker ants
  5 hell rats (Lair:2)
  5 sheep
  A hound skeleton (D:4)
  3 worker ant zombies
  Robin (D:2)
  18 river rats (Lair:1)
  13 adders
  23 gnolls
  2 shadow imps
  3 oozes
  An adder skeleton (D:7)
  3 worms
  5 giant geckos
  79 orcs
  A ball python (D:1)
  2 giant cockroaches
  26 goblins
  30 hobgoblins
  7 jackals
  28 kobolds
  6 quokkas
  14 bats
  2 giant gecko skeletons
  4 giant newts
  A quokka skeleton (D:4)
  13 rats
496 creatures vanquished.

Vanquished Creatures (others)
  A killer bee (D:9)
1 creature vanquished.

Grand Total: 497 creatures vanquished

Notes
Turn   | Place    | Note
--------------------------------------------------------------
     0 | D:1      | miau the Felid Conjurer began the quest for the Orb.
     0 | D:1      | Reached XP level 1. HP: 7/7 MP: 4/4
   342 | D:1      | Reached XP level 2. HP: 12/12 MP: 0/6
   365 | D:1      | Learned a level 2 spell: Searing Ray
   704 | D:1      | Reached skill level 4 in Conjurations
   939 | D:1      | Reached skill level 1 in Fighting
  1128 | D:1      | Reached XP level 3. HP: 15/15 MP: 2/7
  1343 | D:2      | Noticed Robin
  2057 | D:2      | Killed Robin
  2152 | D:2      | Reached XP level 4. HP: 19/19 MP: 5/8
  3649 | D:3      | Reached XP level 5. HP: 17/22 MP: 0/10
  4978 | D:4      | Found a bloodstained altar of Trog.
  4982 | D:4      | Reached skill level 5 in Conjurations
  5277 | D:4      | Gained mutation: You are covered in thick fur (AC +2). [Felid growth]
  5277 | D:4      | Reached XP level 6. HP: 26/26 MP: 3/12
  5997 | D:5      | Entered Level 5 of the Dungeon
  6064 | D:5      | Reached skill level 5 in Spellcasting
  6392 | D:5      | Reached XP level 7. HP: 28/30 MP: 7/15
  6599 | D:5      | Found a staircase to the Ecumenical Temple.
  6609 | Temple   | Entered the Ecumenical Temple
  6687 | Temple   | Became a worshipper of Vehumet
  7687 | D:6      | Reached skill level 5 in Fighting
  8001 | D:6      | Reached XP level 8. HP: 30/37 MP: 7/16
  8138 | D:6      | Reached skill level 6 in Conjurations
  8141 | D:6      | Acquired Vehumet's first power
  8141 | D:6      | Offered knowledge of Freeze by Vehumet.
  8150 | D:6      | Learned a level 1 spell: Freeze
  8383 | D:6      | Found a shimmering altar of Xom.
  9250 | D:6      | HP: 1/37 [poisoned by a killer bee]
  9431 | D:7      | Reached skill level 7 in Conjurations
  9443 | D:7      | Got a coiled brass ring
  9464 | D:6      | Identified the ring "Vagetyr" {-Tele rF+ Dex+7 Stlth+} (You found it on level 7 of the Dungeon)
  9973 | D:7      | Reached skill level 8 in Conjurations
 10171 | D:7      | Offered knowledge of Sandblast by Vehumet.
 10947 | D:7      | Reached XP level 9. HP: 35/40 MP: 12/18
 11405 | D:8      | Found a stormy altar of Qazlal.
 11406 | D:8      | Found a blossoming altar of Fedhas.
 11431 | D:8      | Noticed Erolcha
 12260 | D:8      | Offered knowledge of Static Discharge by Vehumet.
 12349 | D:8      | Noticed a centaur zombie
 12363 | D:8      | Killed a centaur zombie
 12363 | D:8      | Reached skill level 9 in Conjurations
 12368 | D:8      | Learned a level 3 spell: Static Discharge
 12748 | D:8      | Noticed 4thArraOfDagon's ghost (average DrBe)
 12781 | D:8      | Killed 4thArraOfDagon's ghost
 12781 | D:8      | Reached skill level 5 in Dodging
 12976 | D:8      | Reached skill level 1 in Ice Magic
 13196 | D:8      | Acquired Vehumet's second power
 13363 | D:8      | Found a shattered altar of Ashenzari.
 13370 | D:8      | Found a shadowy altar of Dithmenos.
 13375 | D:8      | Found a glowing silver altar of Zin.
 13382 | D:8      | Found an ancient bone altar of Kikubaaqudgha.
 13395 | D:8      | Found a white marble altar of Elyvilon.
 13431 | D:8      | Found a deep blue altar of Sif Muna.
 13436 | D:8      | Found a sparkling altar of Nemelex Xobeh.
 13797 | D:9      | Reached skill level 5 in Stealth
 13797 | D:9      | Reached XP level 10. HP: 43/45 MP: 12/21
 13867 | D:9      | Offered knowledge of Mephitic Cloud by Vehumet.
 13878 | D:9      | Learned a level 3 spell: Mephitic Cloud
 14063 | D:9      | Found a glowing golden altar of the Shining One.
 14894 | D:9      | Noticed Zwobot's ghost (experienced CeAM)
 15469 | D:9      | Acquired Vehumet's third power
 15469 | D:9      | Reached skill level 10 in Conjurations
 15678 | D:9      | Noticed Grum
 15696 | D:9      | Killed Grum
 15815 | D:9      | Reached skill level 1 in Air Magic
 15920 | D:9      | Offered knowledge of Ignite Poison by Vehumet.
 16201 | D:10     | Entered Level 10 of the Dungeon
 16375 | D:10     | Found a staircase to the Lair.
 16572 | D:10     | You fall through a shaft for 2 floors!
 16903 | D:12     | Noticed a purple ugly thing
 16930 | D:12     | Noticed a hill giant
 16948 | D:12     | Killed a hill giant
 17072 | D:10     | Noticed 4thArraOfDagon's ghost (experienced HEFE)
 17091 | D:10     | Noticed an obsidian statue
 17143 | D:10     | Killed Erolcha
 17143 | D:10     | Reached XP level 11. HP: 49/51 MP: 1/25
 17879 | D:10     | Noticed a hill giant
 17902 | D:10     | Killed a hill giant
 19403 | D:10     | Offered knowledge of Freezing Cloud by Vehumet.
 19714 | D:10     | Killed 4thArraOfDagon's ghost
 19833 | D:11     | Found a glowing golden altar of the Shining One.
 20098 | D:11     | Noticed a manticore
 20112 | D:11     | Killed a manticore
 20254 | D:11     | Noticed a hill giant
 20274 | D:11     | Killed a hill giant
 20462 | D:11     | Noticed a manticore
 20481 | D:11     | Killed from afar by a manticore
 20482 | D:11     | Reached XP level 10. HP: -7/51 MP: 16/24
 20482 | D:11     | Upgraded the game from 0.17-a0-1184-gb75be8f to 0.17-a0-1197-g2d00c63
 20740 | D:11     | Killed a manticore
 21038 | D:11     | Found a staircase to the Orcish Mines.
 21314 | D:12     | Identified Lehudib's Volume of Confrontation
 21497 | D:12     | Noticed a red ugly thing
 21601 | D:12     | Learned a level 6 spell: Freezing Cloud
 21950 | D:11     | Reached XP level 11. HP: 54/54 MP: 25/25
 21989 | Lair:1   | Entered Level 1 of the Lair of Beasts
 22489 | Lair:1   | Found a dark tunnel.
 22507 | Volcano  | Entered a volcano
 22632 | Volcano  | Noticed a centaur warrior
 22635 | Volcano  | Killed a centaur warrior
 22635 | Volcano  | Reached skill level 10 in Spellcasting
 22672 | Volcano  | Reached skill level 10 in Fighting
 23187 | Lair:1   | Gained mutation: You are clumsy. (Dex -2) [potion of mutation]
 23187 | Lair:1   | Gained mutation: You can breathe flames. [potion of mutation]
 23187 | Lair:1   | Gained mutation: Your magical capacity is low (-10% MP). [potion of mutation]
 23667 | Lair:1   | Offered knowledge of Poisonous Cloud by Vehumet.
 23952 | Lair:2   | Reached skill level 1 in Evocations
 24739 | Lair:2   | Reached skill level 11 in Spellcasting
 24910 | Lair:2   | Reached skill level 5 in Air Magic
 24931 | Lair:2   | Learned a level 6 spell: Poisonous Cloud
 25702 | Lair:2   | Noticed a six-headed hydra
 25838 | Lair:2   | Noticed an eight-headed hydra
 26057 | Orc:1    | Entered Level 1 of the Orcish Mines
 27038 | Orc:1    | Found a roughly hewn altar of Beogh.
 27328 | Orc:2    | Noticed Maud
 27448 | Orc:1    | Reached skill level 1 in Poison Magic
 28229 | Orc:1    | Offered knowledge of Fireball by Vehumet.
 28576 | Orc:1    | Upgraded the game from 0.17-a0-1197-g2d00c63 to 0.17-a0-1403-g9df874c
 28631 | Orc:2    | Mangled by Maud
 28632 | Orc:2    | Reached XP level 10. HP: -11/51 MP: 3/23
 28661 | Orc:2    | Noticed an orc warlord
 28665 | Orc:2    | Noticed Gastronok
 28717 | Orc:2    | Slain by an orc

Vault maps used:
D:1:      minmay_arrival_open_corners, minivault_27
D:2:      minmay_goblin_kobold_house, uniq_robin
D:3:      first_bread, minmay_fountain_box
D:4:      trog_three_pillars_becter
D:5:      minmay_temple_entry_statues
D:6:      tgw_xom
D:7:      corexii_leaking_fountain
D:8:      grunt_temple_overflow_forces_of_nature,
          grunt_temple_overflow_octagram, grunt_livestock, uniq_erolcha
D:9:      lemuel_crystal_altar, billiards_dpeg, uniq_grum
D:10:     minmay_lair_entry_lava, special_room, small_chamber_with_monster,
          minmay_statue_bubble
D:11:     orc_0_dummy, basic_altar, kennysheep_cross_bottleneck
D:12:     lemuel_angel_altar
Temple:   jpeg_temple_clearing_9
Lair:1:   nicolae_volcano_entry_lava_flow
Lair:2:   wad_woods_structure_01, lemuel_fruit_tree, lemuel_fruit_fields
Orc:1:    serial_shops, shop, mines2_david
Orc:2:    abandoned_shop, uniq_gastronok, uniq_maud
Volcano:  volcano_pools

Action                   |  1- 3 |  4- 6 |  7- 9 | 10-12 || total
-------------------------+-------+-------+-------+-------++-------
Melee: Unarmed           |       |    24 |     6 |    24 ||    54
 Cast: Magic Dart        |    91 |   164 |   218 |   516 ||   989
       Searing Ray       |     2 |    17 |    77 |   241 ||   337
       Static Discharge  |       |       |     5 |    32 ||    37
       Freeze            |       |       |     4 |     8 ||    12
       Mephitic Cloud    |       |       |       |    44 ||    44
Evoke: Wand              |       |       |       |    19 ||    19
  Use: Potion            |     1 |     4 |     3 |     6 ||    14
       Scroll            |     1 |     6 |     2 |     3 ||    12
  Eat: Chunk             |    11 |    10 |    15 |    32 ||    68
